 Dungeon Sprint DCSS version 0.19.1 (webtiles) character file.

352 KingBobo974 the Nimble (level 6, -1/51 HPs)
             Began as a Draconian Berserker on Dec 14, 2016.
             Was an Elder of Trog.
             Slain by a vampire (13 damage)
             ... in the Dungeon (Sprint IX: "|||||||||||||||||||||||||||||").
             The game lasted 00:02:39 (657 turns).

KingBobo974 the Nimble (Draconian Berserker)         Turns: 657, Time: 00:02:40

Health: -1/51      AC:  6    Str: 22    XL:     6   Next: 35%
Magic:  6/6        EV: 18    Int: 10    God:    Trog [****..]
Gold:   0          SH:  0    Dex: 10    Spells: 0 memorised, 5 levels left

rFire  . . .     SeeInvis .     r - +4 quarterstaff (speed)
rCold  . . .     Gourm    .     (armour unavailable)
rNeg   . . .     Faith    .     (shield currently unavailable)
rPois  .         Spirit   .     (helmet restricted)
rElec  .         Reflect  .     (no cloak)
rCorr  .         Harm     .     (no gloves)
MR     .....     NoTele   +     (no boots)
Stlth  +.........               (no amulet)
                                l - +3 ring of intelligence
                                m - +2 ring of evasion

@: no status effects
A: unfitting armour, cold-blooded, AC +6
a: Berserk, Trog's Hand, Brothers in Arms, Burn Spellbooks, Renounce Religion


You were in the Dungeon.
You worshipped Trog.
Trog was greatly pleased with you.
You were not hungry.

You visited 1 branch

Inventory:

Hand Weapons
 a - a +0 spear
 o - a +1 broad axe of chopping
 p - a +2 dire flail of protection
 q - a +2 halberd of venom
 r - a +4 quarterstaff of speed (weapon)
 s - a +2 rapier of draining
 t - a +2 scimitar of holy wrath
Armour
 n - a +0 cloak
Magical Staves
 u - an uncursed staff of energy
Jewellery
 l - a +3 ring of intelligence (right hand)
 m - a +2 ring of evasion (left hand)
Wands
 k - a wand of acid (7/15)
Scrolls
 h - 2 scrolls of blinking
 j - 3 scrolls of remove curse
Potions
 c - 4 potions of curing
 d - a potion of heal wounds
 e - a potion of haste
 f - 4 potions of magic
 g - a potion of berserk rage
 i - a potion of invisibility
Comestibles
 b - a bread ration


   Skills:
 - Level 3.2 Fighting
 - Level 5.4(7.6) Polearms
 * Level 8.3(9.1) Staves
 * Level 9.3 Dodging


You had 5 spell levels left.
You didn't know any spells.

Dungeon Overview and Level Annotations

Branches:
Dungeon (1/1)

Altars:
Cheibriados
Dithmenos
Elyvilon
Fedhas
Gozag
Hepliaklqana
Kikubaaqudgha
Makhleb
Nemelex Xobeh
Okawaru
Qazlal
Ru
Sif Muna
Trog
Uskayaw
Vehumet
Xom
Yredelemnul
Zin
The Shining One
Beogh
Jiyva
Lugonu


Innate Abilities, Weirdness & Mutations

Your plain brown scales are hard. (AC +6)
You cannot fit into any form of body armour.
You are cold-blooded and may be slowed by cold attacks.


Message History

You feel better.
You hear some strange, mumbled words.
Something tries to affect you, but you resist.
You hit something but do no damage. You closely miss something.
You tail-slap something. Something hits you but does no damage.
Something bites you!
Something draws strength from your injuries!
You hit something. You hit something. Something closely misses you.
Something bites you!
Something draws strength from your injuries!
You sock something! You hit something. Something hits you.
* * * LOW HITPOINT WARNING * * *
Something bites you.
* * * LOW HITPOINT WARNING * * *
Something draws strength from your injuries!
You hit something.
Your tail-slap misses something.
Something hits you.
* * * LOW HITPOINT WARNING * * *
Something bites you!
You die... ▓▓▓▓▓▓▓▓▓▓▓▓▓▓▓▓▓▓▓▓▓▓▓▓▓ +....OT{@.[[...?.'.______ ▓▓▓▓▓▓▓▓▓▓▓▓▓▓▓▓▓▓▓▓▓▓▓▓▓

You could see a troll and an ogre.

Vanquished Creatures
  A hornet (D)
  A black bear (D)
  A hound (D)
  A worker ant (D)
  An orc (D)
  A goblin (D)
  2 quokkas (D)
  A bat (D)
  A frilled lizard (D)
  3 kobolds (D)
13 creatures vanquished.

Notes
Turn   | Place    | Note
-------+----------+-------------------------------------------
     0 | D        | KingBobo974 the Draconian Berserker began the quest for the Orb.
     0 | D        | Reached XP level 1. HP: 19/19 MP: 1/1
    18 | D        | Reached skill level 3 in Dodging
    21 | D        | Reached ** piety under Trog
   222 | D        | Noticed a hound
   232 | D        | Killed a hound
   232 | D        | Reached skill level 5 in Polearms
   232 | D        | Reached skill level 5 in Dodging
   232 | D        | Reached XP level 2. HP: 9/26 MP: 2/2
   232 | D        | Reached XP level 3. HP: 11/31 MP: 3/3
   233 | D        | Reached *** piety under Trog
   559 | D        | Found a roughly hewn altar of Beogh.
   559 | D        | Found a snail-covered altar of Cheibriados.
   559 | D        | Found a shadowy altar of Dithmenos.
   559 | D        | Found a white marble altar of Elyvilon.
   559 | D        | Found a blossoming altar of Fedhas.
   559 | D        | Found an opulent altar of Gozag.
   560 | D        | Found a hazy altar of Hepliaklqana.
   561 | D        | Found a viscous altar of Jiyva.
   562 | D        | Found an ancient bone altar of Kikubaaqudgha.
   563 | D        | Found a corrupted altar of Lugonu.
   564 | D        | Found a burning altar of Makhleb.
   565 | D        | Found a sparkling altar of Nemelex Xobeh.
   566 | D        | Found an iron altar of Okawaru.
   567 | D        | Found a stormy altar of Qazlal.
   568 | D        | Found a sacrificial altar of Ru.
   569 | D        | Found a deep blue altar of Sif Muna.
   570 | D        | Found a bloodstained altar of Trog.
   571 | D        | Found a hide-covered altar of Uskayaw.
   572 | D        | Found a radiant altar of Vehumet.
   573 | D        | Found a shimmering altar of Xom.
   574 | D        | Found a basalt altar of Yredelemnul.
   575 | D        | Found a glowing silver altar of Zin.
   576 | D        | Found a glowing golden altar of the Shining One.
   621 | D        | Noticed an ogre
   621 | D        | Noticed a troll
   621 | D        | Noticed a vampire
   621 | D        | Noticed a hornet
   621 | D        | Noticed a black bear
   627 | D        | Killed a black bear
   627 | D        | Reached skill level 6 in Dodging
   627 | D        | Reached XP level 4. HP: 27/38 MP: 4/4
   634 | D        | Reached **** piety under Trog
   634 | D        | Reached skill level 5 in Staves
   634 | D        | Reached skill level 7 in Dodging
   634 | D        | Reached XP level 5. HP: 31/45 MP: 5/5
   638 | D        | Paralysed by a hornet for 1 turns
   641 | D        | Killed a hornet
   641 | D        | Reached skill level 9 in Dodging
   641 | D        | Reached XP level 6. HP: 36/51 MP: 6/6
   657 | D        | Slain by a vampire

Skill      XL: |  1  2  3  4  5 |
---------------+----------------+-----
Dodging        | 5 6 7 9 |  9.3
Polearms       | 5 |  5.4
Staves         | 4 5 8 |  8.3
Fighting       | |  3.2

Action                   |  1- 3 |  4- 6 || total
-------------------------+-------+-------++-------
Melee: Spear             |    42 |       ||    42
       Tailslap          |     1 |     3 ||     4
       Quarterstaff      |     6 |    23 ||    29
Invok: Berserk           |     1 |       ||     1
  Use: Potion            |       |     3 ||     3
 Stab: Distracted        |     1 |       ||     1
Armor: Skin              |     5 |     5 ||    10
Dodge: Dodged            |    23 |    14 ||    37
